TOP OF THE 1ST |
Lehigh Valley IronPigs batting - Pitching for Sacramento River Cats : RHP Josh Lister
|
Pitching: RHP Josh Lister
|
|
Batting: RHB Nick Beggs
|
0-0: Swinging Strike 0-1: Ball 1-1: Swinging Strike 1-2: Strikes out swinging
|
Batting: LHB Ryan Trombley
|
0-0: Called Strike 0-1: Ball 1-1: Foul Ball, location: 2F 1-2: Ball 2-2: Ball 3-2: Foul Ball, location: 2F 3-2: Fly out, F4 (Popup, 4M, EV 74.4 MPH)
|
Batting: RHB Julian Nijhuis
|
0-0: Ball 1-0: Ball 2-0: Swinging Strike 2-1: Ball 3-1: Foul Ball, location: 2F 3-2: Base on Balls
|
Batting: LHB Chad Persaud
|
0-0: Called Strike 0-1: SINGLE (Groundball, 56D, EV 95.6 MPH) Julian Nijhuis to second
|
Batting: RHB Josh Hensley
|
0-0: Ball 1-0: Called Strike 1-1: SINGLE (Line Drive, 89S, EV 104.4 MPH) Julian Nijhuis to third Chad Persaud to second
|
Batting: RHB Chris Pounds
|
0-0: Foul Ball, location: 2F 0-1: Ball 1-1: Called Strike 1-2: Ball 2-2: Foul Ball, location: 2F 2-2: Strikes out swinging
|
Top of the 1st over - 0 runs, 2 hits, 0 errors, 3 left on base; Lehigh Valley 0 - Sacramento 0 |
BOTTOM OF THE 1ST |
Sacramento River Cats batting - Pitching for Lehigh Valley IronPigs : RHP John Piccola
|
Pitching: RHP John Piccola
|
|
Batting: RHB Xavier Castellanos
|
0-0: Called Strike 0-1: Ball 1-1: Foul Ball, location: 2F 1-2: Ground out 5-3 (Groundball, 56D, EV 85.0 MPH)
|
Batting: RHB Hugo Zacarias
|
0-0: Called Strike 0-1: Fly out, F8 (Flyball, 89D, EV 98.8 MPH)
|
Batting: RHB Nick Beecher
|
0-0: SINGLE (Line Drive, 7S, EV 100.6 MPH)
|
Batting: RHB Nate Hodson
|
0-0: Ball 1-0: Ball 2-0: Ball 3-0: Fly out, F8 (Line Drive, 8RM, EV 84.4 MPH)
|
Bottom of the 1st over - 0 runs, 1 hit, 0 errors, 1 left on base; Lehigh Valley 0 - Sacramento 0 |
TOP OF THE 2ND |
Lehigh Valley IronPigs batting - Pitching for Sacramento River Cats : RHP Josh Lister
|
Batting: RHB Dan Grable
|
0-0: Ground out 1-3 (Groundball, P, EV 70.0 MPH)
|
Batting: RHB Bill Moldenhauer
|
0-0: Called Strike 0-1: Fly out, F8 (Flyball, 78D, EV 102.5 MPH)
|
Batting: SHB Cesar Arteaga
|
0-0: Swinging Strike 0-1: Foul Ball, location: 2F 0-2: Strikes out looking
|
Top of the 2nd over - 0 runs, 0 hits, 0 errors, 0 left on base; Lehigh Valley 0 - Sacramento 0 |
BOTTOM OF THE 2ND |
Sacramento River Cats batting - Pitching for Lehigh Valley IronPigs : RHP John Piccola
|
Batting: LHB Juan Gonzalez
|
0-0: Swinging Strike 0-1: Ball 1-1: Ball 2-1: Fly out, F8 (Flyball, 8RD, EV 96.3 MPH)
|
Batting: RHB Roberto Duron
|
0-0: Foul Ball, location: 2F 0-1: SINGLE (Flyball, 8LS, EV 94.4 MPH)
|
Batting: LHB Nick Swank
|
0-0: Swinging Strike 0-1: Ball 1-1: Swinging Strike 1-2: Ball 2-2: Foul Ball, location: 2F 2-2: Strikes out swinging
|
Batting: RHB Martin Guerrero
|
0-0: Ball 1-0: Ball 2-0: Fielders Choice at 2nd, 6-4 (Groundball, 6, EV 91.3 MPH)
|
Bottom of the 2nd over - 0 runs, 1 hit, 0 errors, 1 left on base; Lehigh Valley 0 - Sacramento 0 |
TOP OF THE 3RD |
Lehigh Valley IronPigs batting - Pitching for Sacramento River Cats : RHP Josh Lister
|
Batting: RHB Nick Beggs
|
0-0: Foul Ball, location: 2F 0-1: Ground out 6-3 (Groundball, 6S, EV 93.1 MPH)
|
Batting: LHB Ryan Trombley
|
0-0: Foul Ball, location: 2F 0-1: Ball 1-1: Called Strike 1-2: Foul Ball, location: 2F 1-2: Ball 2-2: Ball 3-2: Ground out 4-3 (Groundball, 4M, EV 88.1 MPH)
|
Batting: RHB Julian Nijhuis
|
0-0: Ball 1-0: Ball 2-0: Ball 3-0: Base on Balls
|
Batting: LHB Chad Persaud
|
0-0: Called Strike 0-1: Foul Ball, location: 2F 0-2: Ball 1-2: Ground out 6-3 (Groundball, 6M, EV 96.3 MPH)
|
Top of the 3rd over - 0 runs, 0 hits, 0 errors, 1 left on base; Lehigh Valley 0 - Sacramento 0 |
BOTTOM OF THE 3RD |
Sacramento River Cats batting - Pitching for Lehigh Valley IronPigs : RHP John Piccola
|
Batting: SHB Jason Spradling
|
0-0: Foul Ball, location: 2F 0-1: Ground out 5-3 (Groundball, 56, EV 108.1 MPH)
|
Batting: RHB Xavier Castellanos
|
0-0: Ball 1-0: Ball 2-0: Ball 3-0: Base on Balls
|
Batting: RHB Hugo Zacarias
|
0-0: Called Strike Xavier Castellanos is caught stealing 2nd base 2-4 0-1: Ball 1-1: Called Strike 1-2: Ball 2-2: Fly out, F8 (Flyball, 89XD, EV 100.0 MPH)
|
Bottom of the 3rd over - 0 runs, 0 hits, 0 errors, 0 left on base; Lehigh Valley 0 - Sacramento 0 |
TOP OF THE 4TH |
Lehigh Valley IronPigs batting - Pitching for Sacramento River Cats : RHP Josh Lister
|
Batting: RHB Josh Hensley
|
0-0: Fly out, F8 (Flyball, 8LS, EV 89.4 MPH)
|
Batting: RHB Chris Pounds
|
0-0: Ball 1-0: Ball 2-0: Called Strike 2-1: Ball 3-1: Foul Ball, location: 2F 3-2: Strikes out looking
|
Batting: RHB Dan Grable
|
0-0: Called Strike 0-1: Ball 1-1: Foul Ball, location: 2F 1-2: Fly out, F7 (Flyball, 7, EV 97.5 MPH)
|
Top of the 4th over - 0 runs, 0 hits, 0 errors, 0 left on base; Lehigh Valley 0 - Sacramento 0 |
BOTTOM OF THE 4TH |
Sacramento River Cats batting - Pitching for Lehigh Valley IronPigs : RHP John Piccola
|
Batting: RHB Nick Beecher
|
0-0: Ball 1-0: Swinging Strike 1-1: Ball 2-1: Fly out, F8 (Flyball, 8LD, EV 83.1 MPH)
|
Batting: RHB Nate Hodson
|
0-0: Called Strike 0-1: Called Strike 0-2: Foul Ball, location: 2F 0-2: Foul Ball, location: 2F 0-2: SINGLE (Line Drive, 8LS, EV 101.3 MPH)
|
Batting: LHB Juan Gonzalez
|
0-0: Called Strike 0-1: SINGLE (Groundball, 56D, EV 98.1 MPH) Nate Hodson to second
|
Batting: RHB Roberto Duron
|
0-0: Called Strike 0-1: Foul Ball, location: 2F 0-2: Foul Ball, location: 2F 0-2: Strikes out swinging
|
Batting: LHB Nick Swank
|
0-0: Ball 1-0: Swinging Strike 1-1: 3-RUN HOME RUN (Flyball, 89XD, EV 106.3 MPH), Distance : 428 ft
|
Batting: RHB Martin Guerrero
|
0-0: Called Strike 0-1: Foul Ball, location: 2F 0-2: Foul Ball, location: 2F 0-2: Ball 1-2: Ball 2-2: Ball 3-2: Foul Ball, location: 2F 3-2: Fly out, F7 (Flyball, 78D, EV 90.0 MPH)
|
Bottom of the 4th over - 3 runs, 3 hits, 0 errors, 0 left on base; Lehigh Valley 0 - Sacramento 3 |
TOP OF THE 5TH |
Lehigh Valley IronPigs batting - Pitching for Sacramento River Cats : RHP Josh Lister
|
Batting: RHB Bill Moldenhauer
|
0-0: Ball 1-0: Ball 2-0: Ball 3-0: Called Strike 3-1: Reached on error, E6 (Groundball, 6S, EV 87.5 MPH)
|
Batting: SHB Cesar Arteaga
|
0-0: Called Strike 0-1: Foul Ball, location: 2F 0-2: Fielders Choice at 2nd, 3-6 (Groundball, 34, EV 90.0 MPH)
|
Batting: RHB Nick Beggs
|
0-0: Ball 1-0: Foul Ball, location: 2F 1-1: Ball 2-1: Ball 3-1: Foul Ball, location: 2F 3-2: Fielders Choice at 2nd, 1-6 (Groundball, 34S, EV 61.3 MPH)
|
Batting: LHB Ryan Trombley
|
0-0: Ball Nick Beggs steals 2nd base 1-0: Ball 2-0: Called Strike 2-1: Ground out 4-3 (Groundball, 4, EV 90.0 MPH)
|
Top of the 5th over - 0 runs, 0 hits, 1 error, 1 left on base; Lehigh Valley 0 - Sacramento 3 |
BOTTOM OF THE 5TH |
Sacramento River Cats batting - Pitching for Lehigh Valley IronPigs : RHP John Piccola
|
Batting: SHB Jason Spradling
|
0-0: Ball 1-0: Ball 2-0: Ball 3-0: Hit by Pitch
|
Batting: RHB Xavier Castellanos
|
0-0: Ball 1-0: Ball 2-0: Ball 3-0: Base on Balls Jason Spradling to second
|
Batting: RHB Hugo Zacarias
|
0-0: Ball 1-0: Ball 2-0: Fly out, F8 (Flyball, 8RM, EV 80.0 MPH)
|
Batting: RHB Nick Beecher
|
0-0: Called Strike 0-1: Swinging Strike 0-2: Ball 1-2: Ball 2-2: Foul Ball, location: 2F 2-2: Foul Ball, location: 2F 2-2: Ball 3-2: Grounds into double play, 5-4-3 (Groundball, 56, EV 90.6 MPH)
|
Bottom of the 5th over - 0 runs, 0 hits, 0 errors, 1 left on base; Lehigh Valley 0 - Sacramento 3 |
TOP OF THE 6TH |
Lehigh Valley IronPigs batting - Pitching for Sacramento River Cats : RHP Josh Lister
|
Batting: RHB Julian Nijhuis
|
0-0: Called Strike 0-1: Ball 1-1: SINGLE (Flyball, 8RS, EV 92.5 MPH)
|
Batting: LHB Chad Persaud
|
0-0: Fielders Choice at 2nd, 4-6 (Groundball, 4, EV 99.4 MPH)
|
Batting: RHB Josh Hensley
|
0-0: Ball 1-0: Ball 2-0: 2-RUN HOME RUN (Flyball, 7LD, EV 93.1 MPH), Distance : 356 ft
|
Batting: RHB Chris Pounds
|
0-0: Called Strike 0-1: Foul Ball, location: 2F 0-2: Ball 1-2: Ball 2-2: Fly out, F7 (Flyball, 7S, EV 92.5 MPH)
|
Batting: RHB Dan Grable
|
0-0: Ball 1-0: Ball 2-0: Ground out 6-3 (Groundball, 6, EV 84.4 MPH)
|
Top of the 6th over - 2 runs, 2 hits, 0 errors, 0 left on base; Lehigh Valley 2 - Sacramento 3 |
BOTTOM OF THE 6TH |
Sacramento River Cats batting - Pitching for Lehigh Valley IronPigs : RHP John Piccola
|
Batting: RHB Nate Hodson
|
0-0: Ball 1-0: Called Strike 1-1: Ground out 4-3 (Groundball, 13, EV 95.0 MPH)
|
Batting: LHB Juan Gonzalez
|
0-0: Ball 1-0: Foul Ball, location: 2F 1-1: Ball 2-1: Ground out 6-3 (Groundball, 6, EV 99.4 MPH)
|
Batting: RHB Roberto Duron
|
0-0: DOUBLE (Line Drive, 5D, EV 99.4 MPH)
|
Batting: LHB Nick Swank
|
0-0: Fly out, F7 (Flyball, 7LM, EV 106.3 MPH)
|
Bottom of the 6th over - 0 runs, 1 hit, 0 errors, 1 left on base; Lehigh Valley 2 - Sacramento 3 |
TOP OF THE 7TH |
Lehigh Valley IronPigs batting - Pitching for Sacramento River Cats : RHP Josh Lister
|
Batting: RHB Bill Moldenhauer
|
0-0: Swinging Strike 0-1: Called Strike 0-2: Foul Ball, location: 2F 0-2: Ball 1-2: Strikes out swinging
|
Pitching: RHP Tim Rymut
|
|
Batting: SHB Cesar Arteaga
|
0-0: Foul Ball, location: 2F 0-1: Ball 1-1: Ball 2-1: Ground out 4-3 (Groundball, 4, EV 85.0 MPH)
|
Batting: RHB Nick Beggs
|
0-0: Called Strike 0-1: Swinging Strike 0-2: Foul Ball, location: 2F 0-2: Strikes out swinging
|
Top of the 7th over - 0 runs, 0 hits, 0 errors, 0 left on base; Lehigh Valley 2 - Sacramento 3 |
BOTTOM OF THE 7TH |
Sacramento River Cats batting - Pitching for Lehigh Valley IronPigs : RHP John Piccola
|
Batting: RHB Martin Guerrero
|
0-0: Ball 1-0: Ball 2-0: Foul Ball, location: 2F 2-1: Ground out 5-3 (Groundball, 5L, EV 91.3 MPH)
|
Batting: SHB Jason Spradling
|
0-0: Ball 1-0: Ball 2-0: Called Strike 2-1: Foul Ball, location: 2F 2-2: Fly out, F8 (Flyball, 78D, EV 105.6 MPH)
|
Batting: RHB Xavier Castellanos
|
0-0: Ball 1-0: Ball 2-0: Foul Ball, location: 2F 2-1: Foul Ball, location: 2F 2-2: Ball 3-2: Ground out 6-3 (Groundball, 6, EV 77.5 MPH)
|
Bottom of the 7th over - 0 runs, 0 hits, 0 errors, 0 left on base; Lehigh Valley 2 - Sacramento 3 |
TOP OF THE 8TH |
Lehigh Valley IronPigs batting - Pitching for Sacramento River Cats : RHP Tim Rymut
|
Batting: LHB Ryan Trombley
|
0-0: Ball 1-0: Swinging Strike 1-1: Called Strike 1-2: Foul Ball, location: 2F 1-2: Strikes out swinging
|
Batting: RHB Julian Nijhuis
|
0-0: Ball 1-0: Ball 2-0: Foul Ball, location: 2F 2-1: Ball 3-1: Foul Ball, location: 2F 3-2: Ground out 6-3 (Groundball, 56, EV 86.3 MPH)
|
Batting: LHB Chad Persaud
|
0-0: Called Strike 0-1: DOUBLE (Line Drive, 9LS, EV 97.5 MPH)
|
Batting: RHB Josh Hensley
|
0-0: Called Strike 0-1: Foul Ball, location: 2F 0-2: Ball 1-2: Ball 2-2: Ball 3-2: Base on Balls
|
Batting: RHB Chris Pounds
|
0-0: Ball 1-0: Ball 2-0: Called Strike 2-1: Foul Ball, location: 2F 2-2: Foul Ball, location: 2F 2-2: Strikes out swinging
|
Top of the 8th over - 0 runs, 1 hit, 0 errors, 2 left on base; Lehigh Valley 2 - Sacramento 3 |
BOTTOM OF THE 8TH |
Sacramento River Cats batting - Pitching for Lehigh Valley IronPigs : RHP John Piccola
|
Pitching: LHP John Murray
|
|
Batting: RHB Hugo Zacarias
|
0-0: Ball 1-0: Ball 2-0: Called Strike 2-1: Swinging Strike 2-2: Strikes out swinging
|
Batting: RHB Nick Beecher
|
0-0: Reached on error, E8 (Flyball, 8LS, EV 80.0 MPH)
|
Batting: RHB Nate Hodson
|
0-0: Fly out, F9 (Flyball, 89XD, EV 100.6 MPH)
|
Batting: LHB Juan Gonzalez
|
0-0: Ball 1-0: Foul Ball, location: 2F 1-1: Ball 2-1: Called Strike 2-2: Ball 3-2: Strikes out swinging
|
Bottom of the 8th over - 0 runs, 0 hits, 1 error, 1 left on base; Lehigh Valley 2 - Sacramento 3 |
TOP OF THE 9TH |
Lehigh Valley IronPigs batting - Pitching for Sacramento River Cats : RHP Tim Rymut
|
Pitching: RHP Andrew Kindig
|
|
Batting: RHB Dan Grable
|
0-0: Called Strike 0-1: Ball 1-1: SINGLE (Groundball, 4D, EV 95.6 MPH)
|
Batting: RHB Bill Moldenhauer
|
0-0: Grounds into double play, 6-4-3 (Groundball, 6, EV 110.6 MPH)
|
Batting: SHB Cesar Arteaga
|
0-0: Called Strike 0-1: Swinging Strike 0-2: Foul Ball, location: 2F 0-2: Ball 1-2: Foul Ball, location: 2F 1-2: Strikes out swinging
|
Top of the 9th over - 0 runs, 1 hit, 0 errors, 0 left on base; Lehigh Valley 2 - Sacramento 3 |
|